Map: [ESL] Oceanborn

Players

goblin

  • Race: Protoss Protoss
  • Spawn Location: 11:00

MaNa - Winner!

  • Race: Protoss Protoss
  • Spawn Location: 5:00

Event: ESL SC2 Masters 2023 Winter (Regional)

VOD

Have the link to the VOD?

Description

Time

  • Played on: Nov. 5, 2023, 9:47 a.m.
  • Length: 6:59

All games in this series

Show
View Real Time Build Order
Export as new Build Order

goblin Protoss 

Build Orders: Phoenix Opening 

Get SALT Encoding   

  12  0:00  Probe  
  13  0:12  Probe  
  14  0:17  Pylon  
  14  0:24  Probe (Chrono Boost)  
  15  0:36  Gateway, Probe (Chrono Boost)  
  16  0:44  Probe (Chrono Boost)  
  16  0:46  Assimilator  
  17  0:50  Probe  
  17  0:54  Assimilator  
  18  1:03  Probe (Chrono Boost)  
  19  1:08  Gateway  
  19  1:13  Probe (Chrono Boost)  
  19  1:17  Probe (Chrono Boost)  
  20  1:25  Cybernetics Core  
  21  1:29  Probe  
  22  1:36  Pylon  
  22  1:41  Probe  
  23  1:53  Probe  
  23  2:01  Adept  
  23  2:02  Stalker  
  23  2:03  Warp Gate  
  27  2:11  Pylon  
  28  2:21  Stargate  
  27  2:24  Probe  
  28  2:35  Stalker  
  28  2:36  Probe  
  31  2:45  Stalker  
  33  2:55  Probe  
  34  3:03  Phoenix (Chrono Boost)  
  34  3:08  Probe  
  34  3:10  Pylon  
  35  3:21  Phoenix  
  37  3:39  Nexus  
  37  3:42  Probe  
  38  3:53  Phoenix  
  38  3:54  Probe (Chrono Boost)  
  41  4:05  Probe (Chrono Boost)  
  41  4:08  Robotics Facility  
  42  4:10  Probe (Chrono Boost)  
  43  4:17  Pylon  
  43  4:20  Probe  
  44  4:28  Phoenix  
  46  4:32  Probe (Chrono Boost)  
  47  4:43  Probe (Chrono Boost)  
  48  4:48  Probe (Chrono Boost)  
  50  4:52  Probe  
  50  4:53  Phoenix  
  50  4:55  Immortal (Chrono Boost)  
  56  5:01  Probe  
  56  5:04  Probe  
  58  5:08  Pylon  
  58  5:09  Assimilator  
  58  5:17  Probe x2  
  58  5:20  Assimilator  
  58  5:27  Observer (Chrono Boost)  
  59  5:29  Probe x2, Forge  
  61  5:37  Phoenix  
  61  5:41  Probe x2  
  61  5:42  Shield Battery  
  65  5:49  Immortal (Chrono Boost)  
  69  5:53  Probe  
  70  6:03  Stalker x2  
  61  6:22  Probe  
  58  6:25  Immortal (Chrono Boost)  
  58  6:32  Stalker x2  
  60  6:38  Probe  
  57  6:42  Shield Battery  
  57  6:46  Probe  
Show
View Real Time Build Order
Export as new Build Order

MaNa Protoss - Winner!

Build Orders: Phoenix Opening 

Get SALT Encoding   

  12  0:00  Probe  
  13  0:12  Probe  
  14  0:18  Pylon  
  14  0:24  Probe (Chrono Boost)  
  15  0:36  Gateway, Probe (Chrono Boost)  
  16  0:44  Probe (Chrono Boost)  
  16  0:45  Assimilator  
  17  0:50  Probe  
  18  1:03  Probe (Chrono Boost)  
  19  1:04  Assimilator  
  19  1:09  Gateway  
  20  1:12  Probe (Chrono Boost)  
  20  1:17  Probe (Chrono Boost)  
  20  1:25  Cybernetics Core  
  21  1:29  Probe  
  22  1:34  Pylon  
  22  1:41  Probe  
  23  1:53  Probe  
  24  2:01  Stalker x2  
  24  2:04  Warp Gate  
  24  2:07  Probe  
  29  2:14  Pylon  
  29  2:26  Pylon  
  29  2:31  Sentry x2  
  29  2:33  Probe  
  34  2:51  Nexus  
  34  2:56  Shield Battery  
  34  3:00  Probe  
  34  3:03  Phoenix  
  35  3:06  Sentry  
  35  3:08  Stalker  
  39  3:18  Robotics Facility  
  39  3:27  Pylon  
  39  3:45  Probe (Chrono Boost)  
  40  3:49  Pylon  
  40  3:57  Probe (Chrono Boost)  
  40  3:58  Twilight Council  
  41  4:05  Observer, Probe (Chrono Boost)  
  41  4:06  Probe (Chrono Boost)  
  41  4:09  Stalker  
  46  4:12  Probe (Chrono Boost)  
  46  4:13  Stalker  
  46  4:15  Probe (Chrono Boost)  
  50  4:17  Probe (Chrono Boost)  
  52  4:24  Probe (Chrono Boost)  
  52  4:29  Probe (Chrono Boost)  
  53  4:32  Blink (Chrono Boost)  
  53  4:36  Probe (Chrono Boost)  
  54  4:40  Probe (Chrono Boost)  
  54  4:43  Probe (Chrono Boost)  
  54  4:45  Probe (Chrono Boost)  
  56  4:50  Probe  
  55  4:56  Stalker x2, Probe  
  60  5:02  Probe  
  60  5:08  Probe  
  60  5:11  Observer  
  61  5:14  Probe  
  61  5:19  Stalker x2  
  61  5:20  Probe  
  66  5:24  Observer  
  66  5:26  Probe  
  66  5:27  Nexus  
  67  5:30  Pylon  
  67  5:32  Probe  
  66  5:43  Stalker x2  
  66  5:46  Probe  
  69  5:50  Gateway x2  
  68  6:04  Probe  
  68  6:06  Stalker x2  
  68  6:10  Probe  
  69  6:16  Probe  
  70  6:22  Probe  
  70  6:25  Gateway  
  71  6:27  Gateway  
  71  6:28  Probe, Pylon  
  71  6:31  Stalker x2  
  76  6:34  Probe  
  73  6:43  Probe  
  73  6:46  Shield Battery  
  68  6:47  Stalker x2  
  68  6:48  Shield Battery  
  66  6:54  Shield Battery  
Tags
 
Add a new tag
Caveats
  • Supply blocks, unpowered buildings, or Contaminate may cause inaccurate times.
  • Supply counts are checked every 10 seconds.